 Dungeon Crawl Stone Soup version 0.23.1 (webtiles) character file.

Game seed: 10740386362834220031

4215 Kairos the Covert (level 10, -9/51 HPs)
             Began as a Vine Stalker Assassin on Mar 17, 2019.
             Mangled by an orc warrior
             ... wielding a +0 spear
              (11 damage)
             ... in a bailey.
             The game lasted 00:18:21 (8094 turns).

Kairos the Covert (Vine Stalker Assassin)           Turns: 8094, Time: 00:18:22

Health: -9/51      AC: 24    Str: 19    XL:     10   Next: 30%
Magic:  0/11       EV: 10    Int: 13    God:
Gold:   328        SH:  8    Dex: 19    Spells: 9/9 levels left

rFire    . . .     SeeInvis .   C - +2 short sword (protect)
rCold    . . .     Gourm    .   p - -2 shield
rNeg     . . .     Faith    .   K - +4 scale mail
rPois    +         Spirit   +   n - +1 helmet
rElec    .         Reflect  .   t - +2 cloak
rCorr    .         Harm     .   F - +0 pair of gloves
MR       +....                  (no boots)
Stlth    +++++.....             (no amulet)
HPRegen  0.57/turn              B - ring of stealth
MPRegen  0.12/turn              I - ring of poison resistance

@: mighty, protection aura, studying Armour
A: fangs 3, clever 1, mutation resistance 1, regeneration 1, magic shield,
antimagic bite, no potion heal 3, rot immunity
a: no special abilities


You were in a bailey.
You were near starving.

You visited 2 branches of the dungeon, and saw 9 of its levels.
You also visited: Bailey.

You collected 432 gold pieces.
You spent 104 gold pieces at shops.

Inventory:

Hand Weapons
 a - a +2 dagger
 b - a +0 blowgun
 m - a +1 dagger of venom
 C - a +2 short sword of protection (weapon)
Missiles
 e - 33 poisoned needles
 f - a curare-tipped needle
Armour
 n - a +1 helmet (worn)
 p - a -2 shield (worn)
 t - a +2 cloak (worn)
 F - a +0 pair of gloves (worn)
 K - a +4 scale mail (worn)
Jewellery
 B - a ring of stealth (left hand)
 I - a ring of poison resistance (right hand)
Wands
 y - a wand of random effects (16)
 E - a wand of flame (8)
Scrolls
 d - a scroll of amnesia
 k - 2 scrolls of fear
 r - 3 scrolls of magic mapping
 s - 5 scrolls of teleportation
 z - 2 scrolls of fog
 A - a scroll of immolation {unknown}
 G - a scroll of enchant armour {unknown}
 H - a scroll of remove curse
 J - a scroll of torment {unknown}
Potions
 c - a potion of agility
 i - a potion of flight
 j - a potion of mutation
 l - 3 potions of curing
 o - a potion of berserk rage {unknown}
 q - a potion of brilliance {unknown}
 u - a potion of invisibility {unknown}
 v - a potion of might
 w - a potion of degeneration {unknown}
Books
 h - a manual of Armour
Comestibles
 g - 15 rations


   Skills:
 + Level 4.3 Fighting
 + Level 7.0 Short Blades
 + Level 2.7 Throwing
 + Level 3.9 Armour
 + Level 4.6 Dodging
 + Level 11.0 Stealth
 + Level 3.8 Shields


You had 9 spell levels left.
You didn't know any spells.
Your spell library contained the following spells:

 Spells                   Type           Power        Failure   Level  Hunger
 Magic Dart               Conj           #...         98%         1    ##.....
 Blink                    Tloc           N/A          99%         2    ###....
 Call Imp                 Summ           #.......     99%         2    ###....
 Slow                     Hex            #.......     99%         2    ###....
 Conjure Flame            Conj/Fire      #.......     100%        3    ####...
 Mephitic Cloud           Conj/Pois/Air  #.......     100%        3    ####...


Dungeon Overview and Level Annotations

Branches:
Dungeon (8/15)             Temple (1/1) D:5
   Lair: D:8-11

Altars:
Ashenzari
Cheibriados
Dithmenos
Elyvilon
Fedhas
Gozag
Hepliaklqana
Kikubaaqudgha
Makhleb
Nemelex Xobeh
Qazlal
Ru
Sif Muna
Trog
Vehumet
Xom
Yredelemnul
Zin
The Shining One

Shops:
D:4 !   D:5 *


Innate Abilities, Weirdness & Mutations

You have razor-sharp teeth.
Your natural rate of healing is unusually fast.
When hurt, damage is shared between your health and your magic reserves.
Your bite disrupts and absorbs the magic of your enemies.
Potions cannot restore your health.
You are immune to rotting.
Your mind is acute. (Int +2)
You are somewhat resistant to further mutation.


Message History

You hit the orc knight. You bite the orc knight. You drain its power.
You feel invigorated.
The orc knight is severely wounded.
The orc knight barely misses you.
You hit the orc knight but do no damage.
You bite the orc knight! You drain its power.
The orc knight is almost dead.
The orc warrior hits you from afar with a +0 spear!
You block the orc warrior's attack.
The orc knight hits you with a +0 glaive!
* * * LOW HITPOINT WARNING * * *
You hit the orc knight.
You kill the orc knight!
Your Short Blades skill increases to level 7!
Your Stealth skill increases to level 11!
The orc warrior hits you from afar with a +0 spear!
* * * LOW HITPOINT WARNING * * *
The orc warrior hits you but does no damage.
The orc warrior hits you from afar with a +0 spear!
You die...

...≈##.o#≈≈≈≈≈(≈(≈≈≈≈≈≈≈≈≈#∩.##≈.
...≈≈#.#≈≈≈≈≈(#######(≈≈≈≈≈#.#≈≈.
...≈≈≈≈≈≈≈≈≈(##≈≈≈≈##(≈≈≈≈≈≈≈≈≈≈.
...≈≈≈≈≈≈≈≈(##≈≈≈≈≈##(≈≈≈≈≈≈≈≈≈≈.
...≈≈≈≈≈≈≈≈##≈≈#'''##≈≈≈≈≈≈≈≈≈≈≈.
...≈≈≈≈≈≈≈≈#≈≈##∩.∩##(≈##≈≈≈≈≈≈≈.
...≈≈≈≈≈≈≈##≈####'####(# ≈≈≈≈≈≈≈.
...≈≈≈≈≈≈≈ #≈')#.).#)'≈# ≈≈≈≈≈≈≈.
(()≈≈≈≈≈≈≈ #≈###@oo###≈# ≈≈≈≈≈≈.
...≈≈≈≈≈≈≈ #≈')#:.!#)'≈# ≈≈≈≈≈.
...≈≈≈≈≈≈≈ #≈#########≈# ≈≈.
...≈≈≈≈≈≈≈ #≈≈##)#)##≈≈# ≈≈.
...≈≈≈≈≈≈≈ ##≈≈#'#'#≈≈## ≈≈.
...≈≈≈≈≈≈≈ ##≈≈≈≈≈≈≈## ≈≈.
...≈≈≈≈≈≈≈ ######### ≈≈.
...≈≈#.#≈≈ ≈≈. ...≈##.∩ #≈.


You could see 2 orc warriors.

Vanquished Creatures
  A two-headed ogre (D:7)
  Pikel (D:6)
  An orc knight (Bailey)
  Grinder (D:3)
  2 black bears (D:6)
  4 sky beasts
  7 orc warriors
  A slave (D:6)
  A phantom (D:6)
  2 ice beasts
  2 ogres
  A crocodile (D:8)
  A big kobold (D:7)
  A scorpion (D:6)
  A crimson imp (D:6)
  A bullfrog zombie (D:6)
  3 hounds
  Crazy Yiuf (D:4)
  A centaur skeleton (D:6)
  An iguana (D:4)
  5 worker ants
  2 hound skeletons
  Robin (D:4)
  A howler monkey skeleton (D:8)
  A worker ant zombie (D:7)
  5 gnolls
  10 adders
  A shadow imp (D:6)
  3 oozes
  An adder skeleton (D:6)
  6 worms
  A dart slug (D:2)
  4 leopard geckos
  17 orcs
  7 giant cockroaches
  13 goblins
  6 hobgoblins
  5 jackals
  5 quokkas
  12 bats
  5 frilled lizards
  5 kobolds
  2 leopard gecko skeletons
  9 rats
161 creatures vanquished.

Vanquished Creatures (others)
  A bullfrog (D:6)
  A worker ant zombie (D:6)
2 creatures vanquished.

Grand Total: 163 creatures vanquished

Notes
Turn   | Place    | Note
-------+----------+-------------------------------------------
     0 | D:1      | Kairos the Vine Stalker Assassin began the quest for the
                  | Orb.
     0 | D:1      | Reached XP level 1. HP: 11/11 MP: 2/2
    37 | D:1      | Reached skill level 1 in Dodging
   111 | D:1      | Reached skill level 5 in Stealth
   114 | D:1      | Reached XP level 2. HP: 14/15 MP: 3/3
   306 | D:1      | Reached XP level 3. HP: 16/18 MP: 2/4
   833 | D:2      | Reached skill level 6 in Stealth
   957 | D:2      | Gained mutation: Your natural rate of healing is unusually
                  | fast. [Vine Stalker growth]
   957 | D:2      | Reached XP level 4. HP: 17/23 MP: 3/5
  1100 | D:2      | Found a deep blue altar of Sif Muna.
  1419 | D:3      | Found a stormy altar of Qazlal.
  1505 | D:3      | Reached XP level 5. HP: 26/26 MP: 6/6
  1543 | D:3      | Reached skill level 1 in Armour
  1835 | D:3      | Found a blossoming altar of Fedhas.
  1860 | D:3      | Found a shadowy altar of Dithmenos.
  1900 | D:3      | Found a glowing silver altar of Zin.
  2184 | D:3      | Noticed Grinder
  2210 | D:3      | Killed Grinder
  2210 | D:3      | Reached skill level 7 in Stealth
  2210 | D:3      | Reached XP level 6. HP: 27/32 MP: 4/7
  2499 | D:4      | Noticed Robin
  2536 | D:4      | Killed Robin
  2651 | D:4      | Found Kohuuxut's Distillery.
  2676 | D:4      | Bought a potion of mutation for 104 gold pieces
  2717 | D:4      | Gained mutation: You are weak. (Str -2) [potion of
                  | mutation]
  2717 | D:4      | Gained mutation: You are somewhat resistant to further
                  | mutation. [potion of mutation]
  2717 | D:4      | Gained mutation: Your mind is acute. (Int +2) [potion of
                  | mutation]
  2717 | D:4      | Gained mutation: You can translocate small distances at
                  | will. [potion of mutation]
  2843 | D:4      | Reached XP level 7. HP: 32/35 MP: 8/8
  3080 | D:4      | Found a runed translucent door.
  3081 | D:4      | Noticed Crazy Yiuf
  3243 | D:4      | Killed Crazy Yiuf
  3391 | D:5      | Entered Level 5 of the Dungeon
  3391 | D:5      | Found an opulent altar of Gozag.
  3407 | D:5      | Found Gozag's Platinum Reserve.
  3727 | D:5      | Found a staircase to the Ecumenical Temple.
  3892 | D:5      | Found the +7 great mace "Firestarter" {inner flame, rF++}
  3934 | D:5      | Found a burning altar of Makhleb.
  4050 | D:5      | Found a white marble altar of Elyvilon.
  4144 | Temple   | Entered the Ecumenical Temple
  4280 | D:6      | Found a bloodstained altar of Trog.
  4344 | D:6      | Reached skill level 8 in Stealth
  4344 | D:6      | Reached skill level 1 in Shields
  4344 | D:6      | Gained mutation: You have razor-sharp teeth. [Vine Stalker
                  | growth]
  4344 | D:6      | Reached XP level 8. HP: 20/40 MP: 9/9
  4520 | D:6      | Found a sparkling altar of Nemelex Xobeh.
  4674 | D:6      | Found a bloodstained altar of Trog.
  4832 | D:6      | Reached skill level 5 in Short Blades
  4878 | D:6      | Reached skill level 9 in Stealth
  4935 | D:6      | Noticed Pikel
  4974 | D:6      | Reached XP level 9. HP: 40/44 MP: 10/10
  5009 | D:6      | Killed Pikel
  6361 | D:8      | Noticed a two-headed ogre
  6421 | D:7      | Killed a two-headed ogre
  6421 | D:7      | Reached skill level 10 in Stealth
  6595 | D:8      | Found a basalt altar of Yredelemnul.
  6654 | D:8      | Found a flagged portal.
  6668 | Bailey   | Entered a bailey
  7098 | Bailey   | HP: 1/45 [orc warrior/bolt (13)]
  7447 | Bailey   | HP: 2/45 [orc warrior/bolt (5)]
  7505 | Bailey   | Reached XP level 10. HP: 26/49 MP: 4/11
  8073 | Bailey   | Found a roughly hewn altar of Beogh.
  8073 | Bailey   | Noticed an orc knight
  8075 | Bailey   | Lost mutation: You can translocate small distances at will.
                  | [potion of mutation]
  8075 | Bailey   | Lost mutation: You are weak. (Str -2) [potion of mutation]
  8093 | Bailey   | Killed an orc knight
  8093 | Bailey   | Reached skill level 11 in Stealth
  8093 | Bailey   | HP: 1/51 [orc warrior/+0 spear (12)]
  8094 | Bailey   | Mangled by an orc warrior

Skill      XL: |  1  2  3  4  5  6  7  8  9 10 |
---------------+-------------------------------+-----
Dodging        | 1 2 3 4 |  4.6
Stealth        | 5 6 7 8 9 10 11 | 11.0
Fighting       | 2 3 4 |  4.3
Short Blades   | 2 3 4 5 6 7 |  7.0
Armour         | 1 2 3 |  3.9
Shields        | 1 2 3 |  3.8
Throwing       | 2 |  2.7

Action                   |  1- 3 |  4- 6 |  7- 9 | 10-12 || total
-------------------------+-------+-------+-------+-------++-------
Melee: Dagger            |    60 |    22 |   244 |       ||   326
       Bite              |    26 |    59 |    96 |    14 ||   195
       Short sword       |    32 |   185 |    57 |    36 ||   310
 Fire: Blowgun           |       |       |     9 |     9 ||    18
  Use: Scroll            |     1 |     4 |     5 |     3 ||    13
       Potion            |       |     3 |     1 |     2 ||     6
 Stab: Sleeping          |    10 |    15 |    21 |     6 ||    52
       Distracted        |       |       |     1 |       ||     1
  Eat: Chunk             |       |     5 |    10 |       ||    15
       Ration            |       |       |     2 |       ||     2
Armor: Leather armour    |    17 |    85 |    75 |     9 ||   186
       Scale mail        |       |       |       |     6 ||     6
Dodge: Dodged            |    40 |   116 |   142 |    18 ||   316
Block: Shield            |       |     3 |    96 |    19 ||   118
